 Dungeon Crawl Stone Soup version 0.26-a0-43-g20b394cb32 (webtiles) character file.

Game seed: 10160942558171789364

129315 Harbin the Warrior (level 16, -4/223 HPs)
             Began as a Minotaur Fighter on June 3, 2020.
             Was a High Priest of Qazlal.
             Slain by a naga ritualist
             ... wielding a +0 scimitar of venom
              (6 damage)
             ... on level 4 of the Snake Pit.
             The game lasted 03:19:12 (25349 turns).

Harbin the Warrior (Minotaur Fighter)              Turns: 25349, Time: 03:19:13

Health: -4/223     AC: 28    Str: 26    XL:     16   Next: 50%
Magic:  15/22      EV: -1    Int: 10    God:    Qazlal [*****.]
Gold:   647        SH:  0    Dex: 12    Spells: 15/15 levels left

rFire    + . .     SeeInvis .   L - +4 hand axe (vorpal)
rCold    . . .     Gourm    .   u - +0 kite shield
rNeg     + + +     Faith    .   (armour currently unavailable)
rPois    +         Spirit   .   (helmet currently unavailable)
rElec    .         Reflect  +   (cloak currently unavailable)
rCorr    .         Harm     .   (gloves currently unavailable)
MR       +....     NoTele   +   (boots currently unavailable)
Stlth    +.........             w - amulet of reflection
HPRegen  0.47/turn              l - ring "Fiewn" {rPois Int+3 Dex+2}
MPRegen  0.18/turn              j - ring of protection from fire

@: confused, tree-form, constricted, repel missiles
A: (retaliatory headbutt)
a: Upheaval, Elemental Force, Disaster Area, Renounce Religion


You were on level 4 of the Snake Pit.
You worshipped Qazlal.
Qazlal was extremely pleased with you.
You were not hungry.
You were a tree.
You visited 5 branches of the dungeon, and saw 25 of its levels.
You also visited: Ossuary.

You collected 1834 gold pieces.
You spent 1187 gold pieces at shops.

Inventory:

Hand Weapons
 a - a +0 war axe
 i - the +3 spear of the Forsaken Dances {venom, rPois Int+3 Dex+5}
   (You found it on level 6 of the Dungeon)

   It poisons the flesh of those it strikes.
   It affects your intelligence (+3).
   It affects your dexterity (+5).
   It protects you from poison.
 k - a +2 flail of holy wrath
 m - a +0 demon blade of venom
 x - a +0 battleaxe
 H - a +2 war axe of freezing
 K - a +4 halberd
 L - a +4 vorpal hand axe (weapon)
 N - a +3 trident
 O - a +5 morningstar of freezing
 P - a +5 spear
 W - a +1 halberd of pain
 Y - a +4 morningstar
Missiles
 g - 6 javelins (quivered)
Armour
 h - a +0 pair of boots (melded)
 r - a +0 cloak (melded)
 u - a +0 kite shield (worn)
 D - a +2 robe of the Archmagi
 S - a +0 pair of gloves (melded)
 V - a +5 chain mail of fire resistance (melded)
Jewellery
 b - an uncursed ring of ice
 j - a ring of protection from fire (right branch)
 l - the ring "Fiewn" (left branch) {rPois Int+3 Dex+2}
   (You bought it in a shop on level 2 of the Orcish Mines)

   [ring of poison resistance]

   It affects your intelligence (+3).
   It affects your dexterity (+2).
   It protects you from poison.
 w - an amulet of reflection (around neck)
 I - an uncursed ring of flight
 R - an uncursed ring of resist corrosion
Wands
 c - a wand of disintegration (7)
 p - a wand of polymorph (18)
 v - a wand of digging (11)
 A - a wand of flame (103)
 G - a wand of paralysis (6)
 T - a wand of iceblast (4)
Scrolls
 d - 5 scrolls of fog
 n - 4 scrolls of remove curse
 o - 3 scrolls of blinking
 y - 4 scrolls of teleportation
 z - a scroll of fear
 C - 2 scrolls of immolation
 M - 2 scrolls of magic mapping
 Q - a scroll of holy word
 Z - 6 scrolls of identify
Potions
 e - 6 potions of flight
 t - a potion of mutation
 B - a potion of curing
 E - 2 potions of lignification
 F - a potion of ambrosia
 J - 5 potions of cancellation
Miscellaneous
 q - a box of beasts
Comestibles
 f - 39 rations
 U - 2 chunks of flesh


   Skills:
 - Level 15.0 Fighting
 - Level 13.2(17.2) Axes
 + Level 13.8(15.8) Maces & Flails
 + Level 13.2(15.2) Polearms
 - Level 10.0 Armour
 - Level 10.0 Dodging
 + Level 13.2 Shields
 - Level 10.0 Invocations
 - Level 5.0 Evocations


You had 15 spell levels left.
You didn't know any spells.
Your spell library contained the following spells:

 Spells                   Type           Power        Failure   Level  Hunger
 Animate Skeleton         Necr           N/A          43%         1    ##.....
 Apportation              Tloc           #.....       43%         1    ##.....
 Beastly Appendage        Tmut           #.....       43%         1    ##.....
 Corona                   Hex            #......      43%         1    ##.....
 Foxfire                  Conj/Fire      #...         43%         1    ##.....
 Infusion                 Chrm           #...         43%         1    ##.....
 Shock                    Conj/Air       #...         43%         1    ##.....
 Summon Small Mammal      Summ           #...         43%         1    ##.....
 Call Imp                 Summ           #.......     56%         2    ###....
 Shroud of Golubria       Chrm/Tloc      #.....       56%         2    ###....
 Song of Slaying          Chrm           #.......     56%         2    ###....
 Sticks to Snakes         Tmut           #.......     56%         2    ###....
 Swiftness                Chrm/Air       #.......     56%         2    ###....
 Call Canine Familiar     Summ           #.......     80%         3    ####...
 Conjure Flame            Conj/Fire      #.......     80%         3    ####...
 Inner Flame              Hex/Fire       #.......     80%         3    ####...
 Ozocubu's Armour         Chrm/Ice       #.......     80%         3    ####...
 Spectral Weapon          Hex/Chrm       #.......     80%         3    ####...
 Spider Form              Tmut/Pois      #.........   80%         3    ####...
 Static Discharge         Conj/Air       #.......     80%         3    ####...
 Summon Guardian Golem    Hex/Summ       #.......     80%         3    ####...
 Airstrike                Air            #.........   99%         4    #####..
 Ice Form                 Ice/Tmut       #.......     99%         4    #####..
 Sticky Flame             Conj/Fire      #.......     99%         4    #####..
 Summon Ice Beast         Ice/Summ       #.......     99%         4    #####..
 Summon Lightning Spire   Summ/Air       #.......     99%         4    #####..
 Blade Hands              Tmut           #.........   100%        5    ######.
 Bolt of Magma            Conj/Fire/Erth #.........   100%        5    ######.
 Fireball                 Conj/Fire      #.........   100%        5    ######.
 Iskenderun's Battlesphe  Conj/Chrm      #.......     100%        5    ######.
 Lightning Bolt           Conj/Air       #.........   100%        5    ######.
 Iron Shot                Conj/Erth      #.........   100%        6    #######
 Orb of Destruction       Conj           #.........   100%        7    #######
 Spellforged Servitor     Conj/Summ      #.........   100%        7    #######


Dungeon Overview and Level Annotations

Branches:
Dungeon (12/15)            Temple (1/1) D:5            Lair (6/6) D:10
 Shoals (0/4) Lair:4        Snake (4/4) Lair:3        Slime (0/5) Lair:6
    Orc (2/2) D:12            Elf (0/3) Orc:2       Ossuary (visited)

Altars:
Ashenzari
Cheibriados
Fedhas
Gozag
Nemelex Xobeh
Okawaru
Qazlal
Sif Muna
Uskayaw
Vehumet
Wu Jian
Xom
Yredelemnul
The Shining One

Shops:
D:9 (   D:10 *%**   D:11 %   D:12 (*   Orc:2 ?:*(   Snake:2 =

Portals:
Pandemonium: Orc:2


Innate Abilities, Weirdness & Mutations

((You reflexively headbutt those who attack you in melee.))
((You have a pair of horns on your head.))


Message History

* * * LOW HITPOINT WARNING * * *
You slash the black mamba!
You kill the black mamba!
Qazlal accepts your kill.
You completely miss the black mamba. You hit the anaconda but do no damage.
You miss the naga ritualist. You hit the naga ritualist.
You hear an angry hiss.
The anaconda bites you.
* * * LOW HITPOINT WARNING * * *
The anaconda constricts you.
The black mamba bites you but does no damage.
The naga sharpshooter unwields a +0 trident.
The naga sharpshooter wields a +0 shortbow.
The naga sharpshooter gestures wildly while chanting.
The naga sharpshooter magically shoots an arrow.
The arrow hits you!
* * * LOW HITPOINT WARNING * * *
The naga ritualist is engulfed in freezing vapours.
The naga ritualist hits you with a +0 scimitar of venom.
You die...

.....%..## ###### ###
#.........
.....####.####..#....#
.............)..#...##
..........))().......#
...........).........###
........(.)...°..○.....#
................○S....#
...............†♣S§...#
..............°SNN☼...#
.....................##
..........##.........#
#.......#####........N.
#......## ##....#...N.
##.....# #...###.....
###..## ##.## #.... ####


You could see a naga sharpshooter, an anaconda, 3 naga ritualists and 2 black
mambas.

Vanquished Creatures
  Snorg (Lair:5)
  Josephine (D:11)
  6 naga warriors
  8 hydras
  Harold (D:9)
  Fannar (Lair:2)
  A centaur warrior (D:10)
  A catoblepas (Lair:6)
  A deep troll shaman (Lair:6)
  6 anacondas
  3 two-headed ogres
  14 death yaks (Lair:6)
  6 naga sharpshooters
  5 shock serpents
  4 orc high priests (Orc:2)
  A sun demon (Orc:2)
  A slime creature (D:12)
  3 salamander mystics
  A torturous demonspawn (Orc:2)
  7 naga ritualists
  Pikel (D:5)
  An infernal demonspawn (Orc:2)
  3 orc knights (Orc:2)
  2 oklob plants (Lair:6)
  11 mana vipers
  10 orc sorcerers
  2 cyclopes
  11 salamanders
  2 ugly things (D:12)
  Psyche (D:9)
  8 elephants (Lair:6)
  Maurice (D:10)
  48 black mambas
  5 guardian serpents
  13 naga magi
  11 spiny frogs
  An orange demon (Orc:2)
  2 gargoyles
  2 hellwings (Orc:2)
  5 komodo dragons
  5 trolls
  Grinder (D:6)
  5 polar bears
  A hornet (D:10)
  17 blink frogs
  13 hippogriffs
  A shadow (D:12)
  5 wraiths (D:11)
  A water elemental (D:12)
  2 vampires (D:12)
  32 yaks
  3 wyverns
  A chaos spawn (Orc:2)
  3 basilisks
  7 vampire mosquitoes
  Menkaure (D:5)
  24 nagas
  2 wargs (Orc:2)
  18 water moccasins
  Edmund (D:4)
  2 soldier ants
  12 porcupines
  A sky beast (D:10)
  A hornet zombie (Ossuary)
  2 phantoms
  31 orc warriors
  2 black bears (D:10)
  2 ice beasts
  3 ogres
  15 wolves
  7 centaurs
  12 crocodiles
  4 big kobolds
  10 bullfrogs
  A wyvern zombie (Ossuary)
  2 water moccasin zombies
  A wyvern skeleton (D:9)
  3 scorpions
  16 killer bees
  9 wights
  A howler monkey (D:9)
  4 electric eels
  3 jellies
  A centaur zombie (Ossuary)
  7 crimson imps
  A quasit (D:9)
  9 hounds
  7 bullfrog zombies
  24 orc priests
  A centaur skeleton (D:11)
  A gnoll shaman (D:10)
  20 orc wizards
  2 bullfrog skeletons
  6 iguanas
  5 worker ants
  A hound skeleton (D:4)
  3 hound zombies
  17 mummies (Ossuary)
  Robin (D:2)
  4 howler monkey zombies (Ossuary)
  2 worker ant zombies (Ossuary)
  A howler monkey skeleton (D:4)
  12 gnolls
  8 adders
  A shadow imp (D:7)
  An adder skeleton (D:4)
  2 adder zombies
  5 worms
  2 dart slugs (D:2)
  7 leopard geckos
  74 orcs
  2 ball pythons
  3 giant cockroaches
  4 hobgoblins
  6 jackals
  3 quokkas
  7 bats
  3 frilled lizards
  A giant cockroach zombie (Ossuary)
  13 goblins
  A jackal skeleton (D:4)
  21 kobolds
  2 quokka zombies (Ossuary)
  7 rats
  3 butterflies (Lair:2)
  A plant (Lair:5)
801 creatures vanquished.

Vanquished Creatures (collateral kills)
  2 anacondas (Snake:3)
  A soul eater (Orc:2)
  A shock serpent (Snake:3)
  Sonja (D:11)
  An orc knight (Orc:2)
  2 salamanders (Snake:3)
  3 black mambas (Snake:3)
11 creatures vanquished.

Vanquished Creatures (others)
  A naga (Snake:1)
  A water moccasin (Snake:3)
  5 orcs (D:12)
  A kobold (D:10)
  4 fungi
  4 plants
16 creatures vanquished.

Grand Total: 828 creatures vanquished

Notes
Turn   | Place    | Note
-------+----------+-------------------------------------------
     0 | D:1      | Harbin the Minotaur Fighter began the quest for the Orb.
     0 | D:1      | Reached XP level 1. HP: 19/19 MP: 0/0
    27 | D:1      | Found a shattered altar of Ashenzari.
   148 | D:1      | You fall into a shaft and drop 1 floor!
   156 | D:2      | Reached XP level 2. HP: 26/27 MP: 1/1
   383 | D:2      | Reached skill level 4 in Fighting
   383 | D:2      | Reached skill level 1 in Dodging
   383 | D:2      | Reached XP level 3. HP: 11/33 MP: 2/2
   744 | D:2      | Reached XP level 4. HP: 39/40 MP: 3/3
   859 | D:2      | Found a faded altar of an unknown god.
   867 | D:2      | Became a worshipper of Qazlal Stormbringer
   867 | D:2      | Reached * piety under Qazlal
   918 | D:2      | Noticed Robin
   942 | D:2      | Killed Robin
  1061 | D:2      | Found a snail-covered altar of Cheibriados.
  2211 | D:3      | Reached XP level 5. HP: 47/47 MP: 4/4
  2235 | D:3      | You fall into a shaft and drop 1 floor!
  2431 | D:3      | Found a blossoming altar of Fedhas.
  2668 | D:3      | Reached ** piety under Qazlal
  3100 | D:4      | Noticed Edmund
  3122 | D:4      | Killed Edmund
  3122 | D:4      | Reached XP level 6. HP: 55/55 MP: 5/5
  3238 | D:4      | Reached skill level 5 in Armour
  3238 | D:4      | Reached skill level 1 in Invocations
  3239 | D:4      | Reached skill level 5 in Fighting
  3239 | D:4      | Reached skill level 5 in Shields
  3485 | D:4      | Reached XP level 7. HP: 55/61 MP: 7/7
  3602 | D:5      | Entered Level 5 of the Dungeon
  3670 | D:5      | Noticed Menkaure
  3680 | D:5      | Killed Menkaure
  3695 | D:5      | Reached skill level 5 in Axes
  3743 | D:5      | Found a sand-covered staircase.
  3755 | Ossuary  | Entered an ossuary
  3776 | Ossuary  | Reached *** piety under Qazlal
  3779 | Ossuary  | Reached skill level 6 in Fighting
  3800 | Ossuary  | Reached XP level 8. HP: 36/70 MP: 9/9
  3859 | Ossuary  | Reached skill level 5 in Dodging
  3922 | Ossuary  | Reached skill level 7 in Fighting
  4166 | D:5      | Noticed Pikel
  4181 | D:5      | Killed Pikel
  4181 | D:5      | Reached skill level 5 in Invocations
  4389 | D:5      | Found a staircase to the Ecumenical Temple.
  4394 | Temple   | Entered the Ecumenical Temple
  4464 | D:6      | Reached XP level 9. HP: 81/81 MP: 11/11
  4466 | D:6      | Reached skill level 8 in Fighting
  4562 | D:6      | Noticed Grinder
  4566 | D:6      | Paralysed by Grinder for 5 turns
  4574 | D:6      | Paralysed by Grinder for 3 turns
  4588 | D:6      | Killed Grinder
  4641 | D:6      | Reached **** piety under Qazlal
  4835 | D:6      | Got a twisted spear
  5167 | D:7      | Reached skill level 9 in Fighting
  5421 | D:7      | Reached skill level 1 in Maces & Flails
  6368 | D:8      | Identified the +3 spear of the Forsaken Dances {venom,
                  | rPois Int+3 Dex+5} (You found it on level 6 of the Dungeon)
  6381 | D:8      | Reached XP level 10. HP: 88/92 MP: 14/14
  6418 | D:8      | Noticed a two-headed ogre
  6427 | D:8      | Killed a two-headed ogre
  6543 | D:8      | Reached skill level 10 in Fighting
  6604 | D:8      | Reached skill level 1 in Polearms
  7240 | D:9      | Reached ***** piety under Qazlal
  7244 | D:9      | Noticed Psyche
  7255 | D:9      | Killed Psyche
  7303 | D:9      | Noticed Harold
  7326 | D:9      | Killed Harold
  7326 | D:9      | Reached skill level 5 in Maces & Flails
  7603 | D:9      | Found Syocw's Antique Weapon Emporium.
  7889 | D:10     | Entered Level 10 of the Dungeon
  7963 | D:10     | Reached XP level 11. HP: 77/99 MP: 16/16
  8082 | D:10     | Found Ojopoced's General Store.
  8128 | D:10     | Reached skill level 5 in Polearms
  8235 | D:10     | Found Ykogagh's Assorted Antiques.
  8243 | D:10     | Bought a scroll labeled JUBEYTHR CAXTY for 32 gold pieces
  8243 | D:10     | Bought a scroll labeled QUZ OGUEMEI for 32 gold pieces
  8243 | D:10     | Bought a cyan potion for 28 gold pieces
  8297 | D:10     | Found Zil Yjid's Assorted Antiques.
  8305 | D:10     | Bought a cyan potion for 31 gold pieces
  8370 | D:10     | Noticed Maurice
  8381 | D:10     | Killed Maurice
  8381 | D:10     | Reached skill level 10 in Axes
  8533 | D:10     | Noticed a centaur warrior
  8543 | D:10     | Killed a centaur warrior
  8633 | D:10     | Found a staircase to the Lair.
  8737 | D:10     | Found Darghisoz's Food Shop.
  9449 | D:11     | Found Eriam's Food Shoppe.
  9486 | D:11     | Reached skill level 1 in Evocations
  9588 | D:11     | Noticed Sonja
  9598 | D:11     | Killed Sonja
  9783 | D:11     | Noticed Josephine
  9797 | D:11     | Killed Josephine
  9804 | D:11     | Reached XP level 12. HP: 53/108 MP: 10/17
 10339 | D:12     | Reached skill level 11 in Fighting
 10833 | D:12     | Found Laaj's Blood Bar.
 11017 | D:12     | Noticed a two-headed ogre
 11026 | D:12     | Killed a two-headed ogre
 11167 | D:12     | Found Ograshos's Weapon Emporium.
 11241 | D:12     | Found a staircase to the Orcish Mines.
 11746 | Lair:1   | Entered Level 1 of the Lair of Beasts
 12104 | Lair:1   | Reached ****** piety under Qazlal
 12736 | Lair:2   | Noticed Fannar
 12752 | Lair:2   | Killed Fannar
 13419 | Lair:3   | Noticed a four-headed hydra
 13438 | Lair:3   | Killed a four-headed hydra
 13438 | Lair:3   | Reached XP level 13. HP: 101/116 MP: 19/19
 13527 | Lair:3   | Found a staircase to the Snake Pit.
 13557 | Lair:3   | Reached skill level 10 in Invocations
 14379 | Lair:4   | Found a staircase to the Shoals.
 14790 | Lair:5   | Noticed Snorg
 14797 | Lair:5   | Killed Snorg
 15943 | Lair:6   | Entered Level 6 of the Lair of Beasts
 15965 | Lair:5   | Reached skill level 12 in Fighting
 16555 | Lair:6   | Reached skill level 10 in Maces & Flails
 16555 | Lair:6   | Reached skill level 5 in Evocations
 16608 | Lair:6   | Reached XP level 14. HP: 102/126 MP: 20/20
 17174 | Lair:6   | Found a staircase to the Slime Pits.
 18291 | Orc:1    | Entered Level 1 of the Orcish Mines
 18308 | Orc:1    | Reached skill level 10 in Shields
 18361 | Orc:1    | Reached skill level 10 in Armour
 18716 | Orc:2    | Entered Level 2 of the Orcish Mines
 18735 | Orc:2    | Reached skill level 10 in Polearms
 18832 | Orc:2    | Found a staircase to the Elven Halls.
 19011 | Orc:2    | Found Orphize's General Store.
 19036 | Orc:2    | Found Naniygh Carph's Magic Scroll Emporium.
 19060 | Orc:2    | Reached skill level 13 in Fighting
 19281 | Orc:2    | Paralysed by an orc sorcerer for 4 turns
 19685 | Orc:2    | Bought the ring "Fiewn" {rPois Int+3 Dex+2} for 525 gold
                  | pieces
 19688 | Orc:2    | Bought a scroll of magic mapping for 38 gold pieces
 19688 | Orc:2    | Bought a scroll of identify for 22 gold pieces
 19688 | Orc:2    | Bought a scroll of enchant weapon for 82 gold pieces
 19688 | Orc:2    | Bought a scroll of identify for 22 gold pieces
 19688 | Orc:2    | Bought a scroll of identify for 22 gold pieces
 19688 | Orc:2    | Bought a scroll of teleportation for 33 gold pieces
 19772 | Orc:2    | Reached XP level 15. HP: 54/136 MP: 17/21
 19803 | Orc:2    | Paralysed by an orc sorcerer for 4 turns
 19813 | Orc:2    | Found Zeg Gufo's Book Shop.
 19813 | Orc:2    | Found Cennai's Antique Weapon Boutique.
 19813 | Orc:2    | Found a one-way gate leading to the halls of Pandemonium.
 20645 | Snake:1  | Entered Level 1 of the Snake Pit
 20656 | Snake:1  | Reached skill level 10 in Dodging
 22976 | Snake:2  | Reached skill level 14 in Fighting
 22977 | Snake:2  | You fall into a shaft and drop 1 floor!
 23205 | Snake:3  | HP: 5/208 [anaconda (7)]
 23285 | Snake:3  | Reached XP level 16. HP: 22/147 MP: 18/22
 25001 | Snake:2  | Found Buelul's Jewellery Emporium.
 25009 | Snake:2  | Bought an uncursed ring of resist corrosion for 320 gold
                  | pieces
 25190 | Snake:4  | Entered Level 4 of the Snake Pit
 25234 | Snake:4  | Reached skill level 15 in Fighting
 25349 | Snake:4  | HP: 11/223 [anaconda (6)]
 25349 | Snake:4  | HP: 2/223 [naga sharpshooter/arrow (9)]
 25349 | Snake:4  | Slain by a naga ritualist

Illustrated notes

Levels and vault maps discovered:
D:1:      ncdulo_watergridlock, layout_basic, evilmike_ruin_ashenzari
D:2:      layout_loops_corners, chequers_ecumenical_altar_simple_redux,
          kennysheep_slug_shrine, uniq_robin
D:3:      layout_basic, fedhas_altar_3, first_ration,
          kennysheep_decorative_pillar
D:4:      layout_loops_ring, uniq_edmund
D:5:      layout_rooms, temple_statues, nicolae_ossuary_entry_plus, uniq_pikel,
          uniq_menkaure
D:6:      layout_loops_ring, uniq_grinder
D:7:      layout_basic, kennysheep_cluttered_room
D:8:      layout_basic, kennysheep_generic_room_10
D:9:      layout_rooms, serial_shops, shop, blue_anna_alchemist
          [blue_anna_fruit_fields, blue_anna_fruit_fields], uniq_harold,
          uniq_psyche
D:10:     layout_stronghold, grunt_lair_entry_orc_guard_hut, serial_shops,
          nicolae_shop_temple_entry_statues_fountains, shop, shop, shop_statue,
          uniq_maurice
D:11:     layout_irregular_city, gauntlet_entry_generic, serial_shops, shop,
          uniq_josephine, uniq_sonja
D:12:     layout_basic, erik_orc_2, serial_glass, glass_columns_b,
          glass_columns_c, serial_shops, nicolae_shop_crystal,
          guppyfry_shop_blood
Temple:   dpeg_three_leaves_temple
Lair:1:   layout_cellular_growth, infiniplex_staircase_pool,
          serial_bayou_shore_b, serial_bayou_shore_a
Lair:2:   layout_chaotic_city, grunt_megastairs_5, serial_bayou_shore_b,
          lemuel_fruit_fields, lemuel_fruit_fields, uniq_fannar
Lair:3:   wander_river, layout_big_grid
Lair:4:   layout_misc_corridors, shoals_dummy_entry, serial_bayou_shore_b,
          grunt_megastairs_3, lemuel_fruit_tree, serial_bayou_shore_b,
          lemuel_fruit_fields
Lair:5:   layout_gridlike, uniq_snorg
Lair:6:   grunt_lair_end_beastmaster, layout_gridlike,
          minmay_slime_entry_oklob_open, infiniplex_staircase_pool_2
Snake:1:  layout_chambers
Snake:2:  layout_misc_corridors, serial_shops, shop, serial_bayou_shore_b
Snake:3:  layout_cave_town, hangedman_venom_bottle
Snake:4:  grunt_snake_rune_serpentine_throne, layout_grid_shapes,
          gammafunk_ghost_grave, minmay_shoptagon
Orc:1:    layout_caves
Orc:2:    pf_orc_diabolical, layout_caves

Skill      XL: |  1  2  3  4  5  6  7  8  9 10 11 12 13 14 15 16 |
---------------+-------------------------------------------------+-----
Fighting       | 4 5 6 7 9 10 11 12 13 14 15 | 15.0
Dodging        | 1 2 3 4 5 6 7 8 9 10 | 10.0
Axes           | 3 4 5 7 9 10 11 12 13 | 13.2
Armour         | 4 5 6 7 9 10 | 10.0
Shields        | 4 5 6 7 9 10 12 13 | 13.2
Invocations    | 2 3 5 7 8 9 10 | 10.0
Maces & Flails | 2 6 7 9 10 11 12 13 | 13.8
Polearms       | 4 6 7 9 10 12 13 | 13.2
Evocations     | 1 3 5 |  5.0

Action                   |  1- 3 |  4- 6 |  7- 9 | 10-12 | 13-15 | 16-18 || total
-------------------------+-------+-------+-------+-------+-------+-------++-------
Melee: War axe           |    50 |    70 |       |       |   168 |       ||   288
       Headbutt          |    11 |    18 |    67 |   186 |   262 |    67 ||   611
       Hand axe          |       |    38 |       |       |   221 |   256 ||   515
       Mace              |       |    31 |       |       |       |       ||    31
       Flail             |       |    38 |   252 |    58 |    26 |       ||   374
       Morningstar       |       |       |    47 |    80 |   589 |       ||   716
       Whip              |       |       |    10 |       |       |       ||    10
       Spear             |       |       |       |   710 |   102 |       ||   812
Throw: Javelin           |       |       |     3 |       |     4 |       ||     7
Invok: Disaster Area     |       |       |       |     1 |     4 |     2 ||     7
       Elemental Force   |       |       |       |     1 |     2 |       ||     3
       Upheaval          |       |       |       |       |     2 |       ||     2
 Abil: Stop Flying       |       |       |       |     1 |       |       ||     1
       Evoke Flight      |       |       |       |     1 |       |       ||     1
Evoke: Wand              |       |       |       |     1 |     2 |    12 ||    15
       Box of beasts     |       |       |       |       |     1 |       ||     1
  Use: Scroll            |     1 |     4 |    10 |    15 |    17 |     1 ||    48
       Potion            |     1 |     1 |     1 |       |    24 |     8 ||    35
 Stab: Held in net/web   |       |       |       |     2 |       |       ||     2
       Fleeing           |       |       |       |       |     2 |       ||     2
       Invisible         |       |       |       |       |     1 |       ||     1
       Petrified         |       |       |       |       |     1 |       ||     1
  Eat: Chunk             |       |     8 |     6 |    23 |    20 |     3 ||    60
       Ration            |       |       |     1 |       |     4 |     1 ||     6
Armor: Scale mail        |    20 |    37 |       |       |       |       ||    57
       Ring mail         |       |    18 |    36 |     8 |       |       ||    62
       Skin              |       |     8 |     6 |       |    50 |    32 ||    96
       Chain mail        |       |       |    43 |   110 |   224 |    46 ||   423
Dodge: Dodged            |    20 |    50 |    84 |    96 |   191 |    63 ||   504
       Repelled          |       |       |     1 |     6 |    14 |     4 ||    25
Block: Kite shield       |    30 |   108 |   317 |   567 |  1174 |   314 ||  2510
       Reflection        |       |       |     2 |    55 |    65 |    27 ||   149

Table legend:
 A = Non-vault XP
 B = Vault XP
 C = Vault XP percentage of total XP
 D = Non-vault monster count
 E = Vault monster count
 F = Vault count percentage of total count
                 A         B        C        D         E       F
            +---------+---------+-------+---------+---------+-------
      Total |  140470 |   44267 |  24.0 |     617 |     193 |  23.8
            +---------+---------+-------+---------+---------+-------
        D:1 |      17 |       0 |   0.0 |      11 |       0 |   0.0
        D:2 |     112 |      39 |  25.8 |      27 |      12 |  30.8
        D:3 |      53 |       0 |   0.0 |      15 |       0 |   0.0
        D:4 |     375 |     149 |  28.4 |      18 |       1 |   5.3
        D:5 |     240 |     813 |  77.2 |      11 |       2 |  15.4
        D:6 |     760 |     286 |  27.3 |      20 |       1 |   4.8
        D:7 |    1594 |       0 |   0.0 |      40 |       0 |   0.0
        D:8 |    1692 |      63 |   3.6 |      11 |       1 |   8.3
        D:9 |     951 |    1552 |  62.0 |      17 |       3 |  15.0
       D:10 |    5057 |    1049 |  17.2 |      36 |       6 |  14.3
       D:11 |    4819 |    2337 |  32.7 |      45 |       7 |  13.5
       D:12 |    8065 |    1111 |  12.1 |      51 |      18 |  26.1
     Lair:1 |    3553 |       0 |   0.0 |      17 |       0 |   0.0
     Lair:2 |     488 |    1329 |  73.1 |       2 |       3 |  60.0
     Lair:3 |    4612 |       0 |   0.0 |      18 |       0 |   0.0
     Lair:4 |    2184 |     418 |  16.1 |      11 |       1 |   8.3
     Lair:5 |    6683 |    1384 |  17.2 |      27 |       2 |   6.9
     Lair:6 |   22404 |   10680 |  32.3 |      49 |      21 |  30.0
    Snake:1 |   14659 |       0 |   0.0 |      28 |       0 |   0.0
    Snake:2 |   10330 |       0 |   0.0 |      24 |       0 |   0.0
    Snake:3 |   32463 |    5724 |  15.0 |      62 |      18 |  22.5
    Snake:4 |   13995 |       0 |   0.0 |      27 |       0 |   0.0
      Orc:1 |    2722 |       0 |   0.0 |      26 |       0 |   0.0
      Orc:2 |    2642 |   16360 |  86.1 |      24 |      61 |  71.8
    Ossuary |       0 |     973 | 100.0 |       0 |      36 | 100.0
            +---------+---------+-------+---------+---------+-------
